 Dungeon Crawl Stone Soup version 0.31-a0-174-g85c54bcb58 (webtiles) character file.

Game seed: 2859136839643253525

18 qw the Shooter (level 2, 0/26 HPs)
             Began as a Naga Hunter on June 16, 2023.
             Slain by Robin
             ... wielding a +0 club
              (2 damage)
             ... on level 2 of the Dungeon.
             The game lasted 00:00:51 (584 turns).

qw the Shooter (Naga Hunter)                         Turns: 584, Time: 00:00:52

Health: 0/26       AC:  2    Str: 13    XL:     2   Next: 66%
Magic:  2/2        EV: 14    Int:  9    God:
Gold:   81         SH:  0    Dex: 14    Spells: 1/1 levels left

rFire   . . .        Y - +0 shortbow
rCold   . . .        (shield currently unavailable)
rNeg    . . .        c - +0 leather armour
rPois   +            (no helmet)
rElec   .            (no cloak)
rCorr   .            (no gloves)
SInv    +            (no barding)
Will    .....        (no amulet)
Stlth   ++           g - +5 ring of evasion
HPRegen 0.24/turn    (no ring)
MPRegen 0.08/turn

%: no passive effects
@: short of breath, very slow
A: AC +0, large, see invisible, deformed body, poison resistance, slowness 2,
spit poison 1, naga tail 1
a: Spit Poison


You were on level 2 of the Dungeon.
You visited 1 branch of the dungeon, and saw 2 of its levels.

You collected 81 gold pieces.


Innate Abilities, Weirdness & Mutations

Your serpentine skin is tough. (AC +0)
You have supernaturally acute eyesight. (SInv)
Armour fits poorly on your strangely shaped body.
Your system is resistant to poisons. (rPois)
You cover ground very slowly.
You can spit poison.
You have a snake-like lower body.


   Skills:
 - Level 2.0 Fighting
 + Level 4.3 Ranged Weapons
 - Level 1.5 Dodging
 - Level 1.5 Stealth


You had one spell level left.
You didn't know any spells.
Your spell library was empty.

Inventory:

Hand Weapons
 Y - a +0 shortbow (weapon)
Armour
 c - a +0 leather armour (worn)
Jewellery
 g - a +5 ring of evasion (left hand)
Potions
 e - a potion of lignification {unknown}
 f - a potion of curing

Dungeon Overview and Level Annotations

Branches:
Dungeon (2/15)

Altars:

Annotations:
D:2 Robin


Message History

The goblin is moderately wounded.
The goblin hits you with a +0 dagger. The rat bites you but does no damage.
The frilled lizard closely misses you. The goblin hits you with a +0 club.
The goblin hits you but does no damage.
You shoot an arrow.
The arrow hits the goblin but does no damage.
The goblin hits you with a +0 dagger.
The frilled lizard bites you but does no damage.
The rat barely misses you. The goblin misses you.
A goblin comes into view. It is wielding a +0 dagger.
The goblin barely misses you.
You shoot an arrow. The arrow hits the goblin.
The goblin is moderately wounded.
The goblin closely misses you. The frilled lizard bites you.
The goblin hits you with a +0 club. The goblin barely misses you.
The rat misses you.
A worm comes into view.
You shoot an arrow. The arrow hits the goblin.
The goblin is severely wounded.
The goblin barely misses you. The frilled lizard bites you.
The rat closely misses you. The goblin misses you. x2
Robin roars a battlecry!
The goblins go into a battle-frenzy!
You shoot an arrow. The arrow hits the goblin.
You kill the goblin!
You have got your breath back.
The goblin barely misses you. The frilled lizard barely misses you.
The goblin hits you but does no damage. The rat completely misses you.
The goblin closely misses you. The goblin hits you with a +0 club.
The frilled lizard misses you. The rat bites you but does no damage.
Robin barely misses you.
584 ||| INVOKING Spit Poison.
Aiming: Spit Poison (2% risk of failure)
Press: ? - help, Shift-Dir - straight line, f - Robin The splash of poison hits Robin.
Robin is heavily wounded.
The rat barely misses you. The goblin closely misses you.
The goblin barely misses you. The frilled lizard barely misses you.
Robin hits you with a +0 club.
You die...

.# .. .... .###.#
.... ....# ..... ....
..... ..# ......
#.###...... #####
##.#grg.....
#...######..g@lgS....
#.7~~~......##ggg....
#.~~PPP..?..# g...w).
#..P~~7.....# .......
#...........# #......
############# #.....
#.... ....


You could see a worm, Robin, a hobgoblin (strong), 6 goblins, a ball python, a
frilled lizard and a rat.

Vanquished Creatures
  An endoplasm (D:2)
  4 goblins (D:2)
  2 hobgoblins (D:1)
  3 jackals (D:1)
  A quokka (D:1)
  A frilled lizard (D:1)
  A kobold (D:1)
  2 rats
15 creatures vanquished.

Notes
Turn   | Place    | Note
-------+----------+-------------------------------------------
     0 | D:1      | qw the Naga Hunter began the quest for the Orb.
     0 | D:1      | Reached XP level 1. HP: 19/19 MP: 1/1
     0 | D:1      | 0 ||| qw: Version: 0.2-a-29-g511e9b1
     0 | D:1      | 0 ||| qw: Game counter: 5636
     0 | D:1      | 0 ||| qw: Always use a shield: true
     0 | D:1      | 0 ||| qw: God list: Okawaru
     0 | D:1      | 0 ||| qw: Allow faded altars: false
     0 | D:1      | 0 ||| qw: Do Orc after D:15 true
     0 | D:1      | 0 ||| qw: Do second Lair branch before Depths: true
     0 | D:1      | 0 ||| qw: Lair rune preference: random
     0 | D:1      | 0 ||| qw: Plans: Normal
     0 | D:1      | 0 ||| PLANNING D:1-11
    51 | D:1      | 51 ||| INVOKING Spit Poison.
    85 | D:1      | 85 ||| INVOKING Spit Poison.
   162 | D:1      | 162 ||| INVOKING Spit Poison.
   177 | D:1      | Reached skill level 4 in Ranged Weapons
   177 | D:1      | Reached XP level 2. HP: 26/26 MP: 2/2
   186 | D:1      | 186 ||| INVOKING Spit Poison.
   213 | D:1      | 213 ||| INVOKING Spit Poison.
   383 | D:1      | You fall into a shaft and drop 1 floor!
   411 | D:2      | 411 ||| INVOKING Spit Poison.
   421 | D:2      | 421 ||| UPGRADING to +5 ring of evasion.
   422 | D:2      | 422 ||| READING scroll labelled UWONE PIOPH.
   427 | D:2      | 427 ||| READING scroll labelled ENALEILLAD.
   428 | D:2      | 428 ||| DRINKING 2 murky white potions.
   429 | D:2      | 429 ||| DROPPING scroll of butterflies.
   430 | D:2      | 430 ||| Stepping randomly (stuck).
   431 | D:2      | 431 ||| Stepping randomly (stuck).
   432 | D:2      | 432 ||| Stepping randomly (stuck).
   433 | D:2      | 433 ||| Stepping randomly (stuck).
   434 | D:2      | 434 ||| Stepping randomly (stuck).
   435 | D:2      | 435 ||| Stepping randomly (stuck).
   436 | D:2      | 436 ||| Stepping randomly (stuck).
   437 | D:2      | 437 ||| Stepping randomly (stuck).
   438 | D:2      | 438 ||| Stepping randomly (stuck).
   439 | D:2      | 439 ||| Stepping randomly (stuck).
   440 | D:2      | 440 ||| Stepping randomly (stuck).
   441 | D:2      | 441 ||| Stepping randomly (stuck).
   442 | D:2      | 442 ||| Stepping randomly (stuck).
   443 | D:2      | 443 ||| Stepping randomly (stuck).
   444 | D:2      | 444 ||| Stepping randomly (stuck).
   445 | D:2      | 445 ||| Stepping randomly (stuck).
   446 | D:2      | 446 ||| Stepping randomly (stuck).
   447 | D:2      | 447 ||| Stepping randomly (stuck).
   448 | D:2      | 448 ||| Stepping randomly (stuck).
   449 | D:2      | 449 ||| Stepping randomly (stuck).
   450 | D:2      | 450 ||| Stepping randomly (stuck).
   451 | D:2      | 451 ||| Stepping randomly (stuck).
   452 | D:2      | 452 ||| Stepping randomly (stuck).
   453 | D:2      | 453 ||| Stepping randomly (stuck).
   454 | D:2      | 454 ||| Stepping randomly (stuck).
   455 | D:2      | 455 ||| Stepping randomly (stuck).
   456 | D:2      | 456 ||| Stepping randomly (stuck).
   457 | D:2      | 457 ||| Stepping randomly (stuck).
   458 | D:2      | 458 ||| Stepping randomly (stuck).
   459 | D:2      | 459 ||| Stepping randomly (stuck).
   460 | D:2      | 460 ||| Stepping randomly (stuck).
   461 | D:2      | 461 ||| Stepping randomly (stuck).
   462 | D:2      | 462 ||| Stepping randomly (stuck).
   463 | D:2      | 463 ||| Stepping randomly (stuck).
   464 | D:2      | 464 ||| Stepping randomly (stuck).
   465 | D:2      | 465 ||| Stepping randomly (stuck).
   466 | D:2      | 466 ||| Stepping randomly (stuck).
   467 | D:2      | 467 ||| Stepping randomly (stuck).
   468 | D:2      | 468 ||| Stepping randomly (stuck).
   469 | D:2      | 469 ||| Stepping randomly (stuck).
   470 | D:2      | 470 ||| Stepping randomly (stuck).
   471 | D:2      | 471 ||| Stepping randomly (stuck).
   472 | D:2      | 472 ||| Stepping randomly (stuck).
   473 | D:2      | 473 ||| Stepping randomly (stuck).
   474 | D:2      | 474 ||| Stepping randomly (stuck).
   475 | D:2      | 475 ||| Stepping randomly (stuck).
   476 | D:2      | 476 ||| Stepping randomly (stuck).
   477 | D:2      | 477 ||| Stepping randomly (stuck).
   478 | D:2      | 478 ||| Stepping randomly (stuck).
   479 | D:2      | 479 ||| Stepping randomly (stuck).
   480 | D:2      | 480 ||| Stepping randomly (stuck).
   481 | D:2      | 481 ||| Stepping randomly (stuck).
   482 | D:2      | 482 ||| Stepping randomly (stuck).
   483 | D:2      | 483 ||| Stepping randomly (stuck).
   484 | D:2      | 484 ||| Stepping randomly (stuck).
   485 | D:2      | 485 ||| Stepping randomly (stuck).
   486 | D:2      | 486 ||| Stepping randomly (stuck).
   487 | D:2      | 487 ||| Stepping randomly (stuck).
   488 | D:2      | 488 ||| Stepping randomly (stuck).
   489 | D:2      | 489 ||| Stepping randomly (stuck).
   490 | D:2      | 490 ||| Stepping randomly (stuck).
   491 | D:2      | 491 ||| Stepping randomly (stuck).
   492 | D:2      | 492 ||| Stepping randomly (stuck).
   493 | D:2      | 493 ||| Stepping randomly (stuck).
   494 | D:2      | 494 ||| Stepping randomly (stuck).
   495 | D:2      | 495 ||| Stepping randomly (stuck).
   496 | D:2      | 496 ||| Stepping randomly (stuck).
   497 | D:2      | 497 ||| Stepping randomly (stuck).
   498 | D:2      | 498 ||| Stepping randomly (stuck).
   499 | D:2      | 499 ||| Stepping randomly (stuck).
   500 | D:2      | 500 ||| Stepping randomly (stuck).
   501 | D:2      | 501 ||| Stepping randomly (stuck).
   502 | D:2      | 502 ||| Stepping randomly (stuck).
   503 | D:2      | 503 ||| Stepping randomly (stuck).
   504 | D:2      | 504 ||| Stepping randomly (stuck).
   505 | D:2      | 505 ||| Stepping randomly (stuck).
   506 | D:2      | 506 ||| Stepping randomly (stuck).
   507 | D:2      | 507 ||| Stepping randomly (stuck).
   508 | D:2      | 508 ||| Stepping randomly (stuck).
   509 | D:2      | 509 ||| Stepping randomly (stuck).
   510 | D:2      | 510 ||| Stepping randomly (stuck).
   511 | D:2      | 511 ||| Stepping randomly (stuck).
   512 | D:2      | 512 ||| Stepping randomly (stuck).
   513 | D:2      | 513 ||| Stepping randomly (stuck).
   514 | D:2      | 514 ||| Stepping randomly (stuck).
   515 | D:2      | 515 ||| Stepping randomly (stuck).
   516 | D:2      | 516 ||| Stepping randomly (stuck).
   517 | D:2      | 517 ||| Stepping randomly (stuck).
   518 | D:2      | 518 ||| Stepping randomly (stuck).
   519 | D:2      | 519 ||| Stepping randomly (stuck).
   520 | D:2      | 520 ||| Stepping randomly (stuck).
   521 | D:2      | 521 ||| Stepping randomly (stuck).
   522 | D:2      | 522 ||| Stepping randomly (stuck).
   523 | D:2      | 523 ||| Stepping randomly (stuck).
   524 | D:2      | 524 ||| Stepping randomly (stuck).
   525 | D:2      | 525 ||| Stepping randomly (stuck).
   526 | D:2      | 526 ||| Stepping randomly (stuck).
   527 | D:2      | 527 ||| Stepping randomly (stuck).
   528 | D:2      | 528 ||| Stepping randomly (stuck).
   529 | D:2      | 529 ||| Stepping randomly (stuck).
   530 | D:2      | 530 ||| Stepping randomly (stuck).
   531 | D:2      | 531 ||| Stepping randomly (stuck).
   532 | D:2      | 532 ||| Stepping randomly (stuck).
   533 | D:2      | 533 ||| Stepping randomly (stuck).
   534 | D:2      | 534 ||| Stepping randomly (stuck).
   535 | D:2      | 535 ||| Stepping randomly (stuck).
   536 | D:2      | 536 ||| Stepping randomly (stuck).
   537 | D:2      | 537 ||| Stepping randomly (stuck).
   538 | D:2      | 538 ||| Stepping randomly (stuck).
   539 | D:2      | 539 ||| Stepping randomly (stuck).
   540 | D:2      | 540 ||| Stepping randomly (stuck).
   541 | D:2      | 541 ||| Stepping randomly (stuck).
   542 | D:2      | 542 ||| Stepping randomly (stuck).
   543 | D:2      | 543 ||| Stepping randomly (stuck).
   544 | D:2      | 544 ||| Stepping randomly (stuck).
   545 | D:2      | 545 ||| Stepping randomly (stuck).
   546 | D:2      | 546 ||| Stepping randomly (stuck).
   547 | D:2      | 547 ||| Stepping randomly (stuck).
   548 | D:2      | 548 ||| Stepping randomly (stuck).
   549 | D:2      | 549 ||| Stepping randomly (stuck).
   550 | D:2      | 550 ||| Stepping randomly (stuck).
   551 | D:2      | 551 ||| Stepping randomly (stuck).
   552 | D:2      | 552 ||| Stepping randomly (stuck).
   553 | D:2      | 553 ||| Stepping randomly (stuck).
   554 | D:2      | 554 ||| Stepping randomly (stuck).
   555 | D:2      | 555 ||| Stepping randomly (stuck).
   556 | D:2      | 556 ||| Stepping randomly (stuck).
   557 | D:2      | 557 ||| Stepping randomly (stuck).
   558 | D:2      | 558 ||| Stepping randomly (stuck).
   559 | D:2      | 559 ||| Stepping randomly (stuck).
   560 | D:2      | 560 ||| Stepping randomly (stuck).
   561 | D:2      | 561 ||| Stepping randomly (stuck).
   562 | D:2      | 562 ||| Stepping randomly (stuck).
   563 | D:2      | 563 ||| Stepping randomly (stuck).
   564 | D:2      | 564 ||| Stepping randomly (stuck).
   565 | D:2      | 565 ||| Stepping randomly (stuck).
   566 | D:2      | 566 ||| Stepping randomly (stuck).
   567 | D:2      | 567 ||| Stepping randomly (stuck).
   568 | D:2      | 568 ||| Stepping randomly (stuck).
   569 | D:2      | 569 ||| Stepping randomly (stuck).
   570 | D:2      | 570 ||| Stepping randomly (stuck).
   571 | D:2      | 571 ||| Stepping randomly (stuck).
   572 | D:2      | Noticed Robin
   573 | D:2      | 573 ||| INVOKING Spit Poison.
   578 | D:2      | 578 ||| INVOKING Spit Poison.
   581 | D:2      | HP: 6/26 [frilled lizard (3)]
   583 | D:2      | HP: 2/26 [goblin/+0 club[Robin] (3)]
   584 | D:2      | 584 ||| INVOKING Spit Poison.
   584 | D:2      | Slain by Robin

Levels and vault maps discovered:
D:1:      dpeg_arrival_erosion, layout_basic,
          nicolae_concentric_dashed_squares_mild
D:2:      layout_rooms, nicolae_ecumenical_snake_handling, serial_shops,
          nicolae_shop_rolling_square, serial_bayou, serial_bayou_shore_a,
          serial_bayou_pond_e, serial_bayou_ford_a, serial_bayou_pond_a,
          serial_bayou_lake_a, uniq_robin

Skill      XL: |  1 |
---------------+----+-----
Ranged Weapons | 4 |  4.3
Fighting       | |  2.0
Dodging        | |  1.5
Stealth        | |  1.5

Action                     || total
---------------------------++-------
   Fire: Shortbow          ||    25
Ability: Spit Poison       ||     9
    Use: Scroll            ||     2
         Potion            ||     1
 Armour: Leather armour    ||     8
  Dodge: Dodged            ||    32

Table legend:
 A = Non-vault XP
 B = Vault XP
 C = Vault XP percentage of total XP
 D = Non-vault monster count
 E = Vault monster count
 F = Vault count percentage of total count
                 A         B        C        D         E       F
            +---------+---------+-------+---------+---------+-------
      Total |      18 |       8 |  30.8 |      11 |       4 |  26.7
            +---------+---------+-------+---------+---------+-------
        D:1 |      15 |       0 |   0.0 |       9 |       0 |   0.0
        D:2 |       3 |       8 |  72.7 |       2 |       4 |  66.7
            +---------+---------+-------+---------+---------+-------
